 Dungeon Crawl Stone Soup version 0.18.1-48-g4cf74bf (webtiles) character file.

61 dearth the Skirmisher (level 4, -4/40 HPs)
             Began as a Hill Orc Fighter on Aug 5, 2016.
             Was an Initiate of Okawaru.
             Killed from afar by an orc wizard (8 damage)
             ... with a magic dart
             ... on level 3 of the Dungeon.
             The game lasted 00:02:44 (1673 turns).

dearth the Skirmisher (Hill Orc Fighter)            Turns: 1673, Time: 00:02:45

Health: -4/40      AC:  7    Str: 19    XL:     4   Next: 7%
Magic:  4/4        EV:  7    Int:  8    God:    Okawaru [......]
Gold:   66         SH:  9    Dex: 10    Spells: 0 memorised, 3 levels left

rFire  . . .     SeeInvis .     a - +0 war axe
rCold  . . .     Gourm    .     b - +0 scale mail
rNeg   . . .     Faith    .     c - +0 shield
rPois  .         Spirit   .     (no helmet)
rElec  .         Dismiss  .     (no cloak)
rCorr  .         Reflect  .     (no gloves)
SustAt .         Harm     .     (no boots)
MR     .....                    (no amulet)
Stlth  ..........               (no ring)
                                h - ring of loudness (curse)

@: not resistant to hostile enchantments, extremely unstealthy
A: no striking features
a: Renounce Religion


You were on level 3 of the Dungeon.
You worshipped Okawaru.
Okawaru was noncommittal.
You were near starving.

You visited 1 branch of the dungeon, and saw 3 of its levels.

You collected 66 gold pieces.

Inventory:

Hand Weapons
 a - a +0 war axe (weapon)
Armour
 b - a +0 scale mail (worn)
 c - a +0 shield (worn)
Jewellery
 h - a cursed ring of loudness (left hand)
Scrolls
 e - a scroll of enchant weapon {unknown}
 g - 2 scrolls of amnesia {unknown}
 i - 2 scrolls of recharging {unknown}
 j - a scroll of identify {unknown}
 k - 3 scrolls of random uselessness {unknown}
 m - a scroll of remove curse {unknown}
 p - a scroll of teleportation {unknown}
Potions
 d - 2 potions of might
 l - 2 potions of curing {unknown}
 n - a potion of degeneration {unknown}
 o - a potion of brilliance {unknown}
Comestibles
 f - 3 bread rations
 q - 2 fruits


   Skills:
 + Level 4.2 Fighting
 * Level 3.9 Axes
 + Level 3.8 Armour
 + Level 3.7 Shields


You had 3 spell levels left.
You didn't know any spells.

Dungeon Overview and Level Annotations

Branches:
Dungeon (3/15)

Altars:
Ashenzari
Okawaru


Message History

The orc wizard hits you with a dagger. You block the orc wizard's attack.
The orc closely misses you. The orc wizard hits you with a dagger.
The orc barely misses you. The orc wizard hits you with a dagger.
* * * LOW HITPOINT WARNING * * *
You block the orc wizard's attack.
The orc shouts!
The orc wizard closely misses you. You block the orc's attack.
The orc wizard gestures at you while chanting.
The magic dart hits you!
* * * LOW HITPOINT WARNING * * *
You feel yourself speed up.
The orc wizard is no longer moving quickly.
The orc wizard gestures wildly while chanting.
The orc wizard seems to speed up.
You block the orc's attack.
You see here a kobold corpse.
The orc wizard gestures wildly while chanting.
The orc wizard blinks!
The orc wizard gestures at you while chanting.
The magic dart hits you!
You die...

...............
#..........>......
#....=....#.##...#
#......†..#.# ..#
#.........# . ..#
#.........######.##
#.........##...#..#
#.........##.#.#..########
#............#.#@.........
########.#.###o...........
#.#.#..............
#.#...#..o.........
#.#####.#.......... #...
...#.##....... ##.######o#
..#+### ###..#####.# ....
#.(...†....# .....


You could see an orc wizard and 2 orcs.

Vanquished Creatures
  2 adders (D:3)
  3 worms
  A dart slug (D:1)
  A giant gecko (D:2)
  3 bats (D:2)
  5 giant cockroaches
  4 goblins
  3 hobgoblins
  4 giant newts
  5 kobolds
  2 rats (D:1)
33 creatures vanquished.

Notes
Turn   | Place    | Note
--------------------------------------------------------------
     0 | D:1      | dearth the Hill Orc Fighter began the quest for the Orb.
     0 | D:1      | Reached XP level 1. HP: 19/19 MP: 1/1
   322 | D:1      | Reached XP level 2. HP: 27/27 MP: 2/2
   891 | D:2      | Reached XP level 3. HP: 33/33 MP: 3/3
  1173 | D:2      | Found a shattered altar of Ashenzari.
  1555 | D:3      | Reached skill level 4 in Fighting
  1604 | D:3      | Found an iron altar of Okawaru.
  1618 | D:3      | Became a worshipper of Warmaster Okawaru
  1659 | D:3      | Reached XP level 4. HP: 24/40 MP: 4/4
  1673 | D:3      | Killed from afar by an orc wizard

Skill      XL: |  1  2  3 |
---------------+----------+-----
Axes           | 3 |  3.9
Fighting       | 4 |  4.2
Armour         | |  3.8
Shields        | |  3.7

Action                   |  1- 3 |  4- 6 || total
-------------------------+-------+-------++-------
Melee: War axe           |   110 |     4 ||   114
  Eat: Chunk             |     1 |       ||     1
Armor: Scale mail        |    38 |     4 ||    42
Dodge: Dodged            |    28 |     5 ||    33
Block: Shield            |    52 |     8 ||    60
